 Dungeon Crawl Stone Soup version 0.26-a0-966-gd078a86f14 (webtiles) character file.

Game seed: 15875199889477526441

503474 mhtbhm the Conqueror (level 24, -4/249 HPs)
             Began as a Minotaur Gladiator on Dec 2, 2020.
             Was the Champion of Okawaru.
             Killed by the air
             ... invoked by a titan
              (28 damage)
             ... on level 5 of the Vaults on Dec 3, 2020.
             The game lasted 02:14:15 (61967 turns).

mhtbhm the Conqueror (Minotaur Gladiator)          Turns: 61967, Time: 02:14:16

Health: -4/249     AC: 48    Str: 33    XL:     24   Next: 9%
Magic:  0/29       EV: 17    Int:  8    God:    Okawaru [******]
Gold:   3803       SH:  0    Dex: 18    Spells: 23/23 levels left

rFire    + + .     SeeInvis +   m - +5 lajatang (holy)
rCold    . . .     Faith    +   (shield currently unavailable)
rNeg     + + +     Spirit   +   b - +8 gold dragon scales
rPois    +         Reflect  .   V - +2 hat of the Bear Spirit {Spirit, +Rage rN+ MR++}
rElec    +         Harm     .   v - +2 cloak of the Heron {rN+ SInv}
rCorr    .         Rampage  .   Y - +1 pair of gloves of Fedhas's Indignation {Regen+ Int+3}
MR       +++..                  n - +2 pair of boots {run}
Stlth    ..........             f - amulet "Unuosesch" {Faith rElec Str+2}
HPRegen  0.91/turn              R - ring "Udutye" {rF+ rN+ Str+3 Dex+3}
MPRegen  0.21/turn              D - ring of Gisat {+Blink rPois rC- rN+ Slay+4 Stlth+}

@: about to teleport, studying 2 skills, quick
A: retaliatory headbutt, horns 2
}: 2/15 runes: decaying, serpentine
a: Heroism, Finesse, Renounce Religion, Evoke Blink, Evoke Berserk Rage


You were on level 5 of the Vaults.
You worshipped Okawaru.
Okawaru was exalted by your worship.
You visited 9 branches of the dungeon, and saw 43 of its levels.
You visited 1 bazaar.
You also visited: Bailey, Gauntlet, Ice Cave and Volcano.

You collected 8339 gold pieces.
You spent 4536 gold pieces at shops.

Inventory:

Hand Weapons
 a - the +7 lajatang of Order {silver, rMut}
   (Okawaru gifted it to you on level 9 of the Dungeon)

   It protects you from mutation.
 m - a +5 lajatang of holy wrath (weapon)
 u - the +10 dark maul {vorpal}
   (You found it on level 3 of the Lair of Beasts)

   It inflicts extra damage upon your enemies.
 O - a +9 lajatang of speed
 P - a +4 vampiric lajatang
 X - the +12 glaive of Prune {vorpal}
   (You found it on level 14 of the Dungeon)

   It inflicts extra damage upon your enemies.
Missiles
 q - 20 curare-tipped darts (quivered)
 M - 35 silver javelins
Armour
 b - +8 gold dragon scales (worn)
 d - the +0 pair of boots of the Mackerel {rElec rF+ MR+ Str+3}
   (Okawaru gifted it to you on level 1 of the Depths)

   It affects your strength (+3).
   It protects you from fire.
   It insulates you from electricity.
   It affects your resistance to hostile enchantments.
 n - a +2 pair of boots of running (worn)
 t - the +1 pair of gloves of the Unseen Realm {rF+ Str+3}
   (Okawaru gifted it to you on level 12 of the Dungeon)

   It affects your strength (+3).
   It protects you from fire.
 v - the +2 cloak of the Heron (worn) {rN+ SInv}
   (You found it in a bailey)

   It protects you from negative energy.
   It lets you see invisible.
 V - the +2 hat of the Bear Spirit (worn) {Spirit, +Rage rN+ MR++}
   (You bought it in a shop in a bazaar)

   It protects you from negative energy.
   It affects your resistance to hostile enchantments.
   It lets you go berserk.
 Y - the +1 pair of gloves of Fedhas's Indignation (worn) {Regen+ Int+3}
   (You found it on level 3 of the Elven Halls)

   It affects your intelligence (+3).
   It increases your rate of regeneration.
Jewellery
 f - the amulet "Unuosesch" (around neck) {Faith rElec Str+2}
   (You found it on level 6 of the Dungeon)

   [amulet of faith]

   It allows you to gain divine favour quickly.
   It affects your strength (+2).
   It insulates you from electricity.
 j - an uncursed ring of protection from cold
 y - an uncursed ring of protection from magic
 D - the ring of Gisat (right hand) {+Blink rPois rC- rN+ Slay+4 Stlth+}
   (You acquired it on level 2 of the Orcish Mines)

   [ring of slaying]

   It affects your accuracy and damage with ranged weapons and melee attacks
   (+4).
   It makes you vulnerable to cold.
   It protects you from poison.
   It protects you from negative energy.
   It lets you blink.
   It makes you more stealthy.
 N - an uncursed ring of resist corrosion
 R - the ring "Udutye" (left hand) {rF+ rN+ Str+3 Dex+3}
   (You acquired it in a Gauntlet)

   [ring of protection from fire]

   It affects your strength (+3).
   It affects your dexterity (+3).
   It protects you from fire.
   It protects you from negative energy.
Wands
 e - a wand of disintegration (9)
 p - a wand of acid (9)
 x - a wand of iceblast (18)
Scrolls
 c - 4 scrolls of blinking
 h - 10 scrolls of teleportation
 r - 6 scrolls of magic mapping
 s - 11 scrolls of fog
 w - 4 scrolls of immolation
 B - 4 scrolls of fear
 I - 13 scrolls of remove curse
 L - 8 scrolls of identify
 Q - a scroll of holy word
 S - 2 scrolls of silence
 U - 3 scrolls of brand weapon
Potions
 g - 9 potions of flight
 i - 7 potions of cancellation
 l - 6 potions of might
 o - 7 potions of haste
 z - 8 potions of resistance
 A - 4 potions of heal wounds
 C - 5 potions of mutation
 F - 9 potions of curing
 H - 3 potions of magic
 J - a potion of invisibility
 T - a potion of berserk rage
Books
 K - a manual of Necromancy
 Z - a manual of Earth Magic
Miscellaneous
 k - a condenser vane (inert)
 E - a tin of tremorstones (1/2)
 G - a lightning rod (4/4)


   Skills:
 O Level 27 Fighting
 + Level 2.7(16.5) Maces & Flails
 - Level 23.7 Staves
 - Level 2.7 Throwing
 O Level 27 Armour
 * Level 13.2 Dodging
 - Level 3.3 Stealth
 + Level 3.6 Shields
 + Level 9.7 Invocations
 + Level 4.9 Evocations


You had 23 spell levels left.
You didn't know any spells.
Your spell library contained the following spells:

 Spells                   Type           Power        Failure   Level
 Foxfire                  Conj/Fire      #...         89%         1
 Freeze                   Ice            #...         89%         1
 Magic Dart               Conj           #...         89%         1
 Sting                    Tmut/Pois      #...         89%         1
 Blink                    Tloc           N/A          96%         2
 Call Imp                 Summ           #.......     96%         2
 Poisonous Vapours        Pois/Air       #.....       96%         2
 Slow                     Hex            #.......     96%         2
 Confusing Touch          Hex            #.......     99%         3
 Conjure Flame            Conj/Fire      #.......     99%         3
 Frozen Ramparts          Ice            #.....       99%         3
 Gell's Gravitas          Tloc           #.........   99%         3
 Ignite Poison            Fire/Tmut/Pois #.......     99%         3
 Inner Flame              Hex/Fire       #.......     99%         3
 Mephitic Cloud           Conj/Pois/Air  #.......     99%         3
 Ozocubu's Armour         Ice            #.......     99%         3
 Static Discharge         Conj/Air       #.......     99%         3
 Cause Fear               Hex            #.........   100%        4
 Hailstorm                Conj/Ice       #.......     100%        4
 Olgreb's Toxic Radiance  Pois           #.......     100%        4
 Petrify                  Tmut/Erth      #.......     100%        4
 Sticky Flame             Conj/Fire      #.......     100%        4
 Summon Ice Beast         Ice/Summ       #.......     100%        4
 Summon Lightning Spire   Summ/Air       #.......     100%        4
 Bolt of Magma            Conj/Fire/Erth #.........   100%        5
 Fireball                 Conj/Fire      #.........   100%        5
 Irradiate                Conj/Tmut      #.........   100%        5
 Iskenderun's Battlesphe  Conj           #.......     100%        5
 Lightning Bolt           Conj/Air       #.........   100%        5
 Metabolic Englaciation   Hex/Ice        #.........   100%        5
 Silence                  Hex/Air        #.........   100%        5
 Yara's Violent Unravell  Hex/Tmut       #.........   100%        5
 Conjure Ball Lightning   Conj/Air       #.........   100%        6
 Hydra Form               Tmut           #.........   100%        6
 Iron Shot                Conj/Erth      #.........   100%        6
 Statue Form              Tmut/Erth      #........    100%        6
 Dragon Form              Tmut           #.........   100%        7
 Orb of Destruction       Conj           #.........   100%        7
 Spellforged Servitor     Conj/Summ      #.........   100%        7
 Discord                  Hex            #.........   100%        8
 Ignition                 Fire           #.........   100%        8
 Dragon's Call            Summ           #.........   100%        9
 Shatter                  Erth           #.........   100%        9
 Tornado                  Air            #.........   100%        9


Dungeon Overview and Level Annotations

Branches:
Dungeon (15/15)            Temple (1/1) D:6            Lair (6/6) D:10
  Swamp (4/4) Lair:3        Snake (4/4) Lair:4        Slime (0/5) Lair:6
    Orc (2/2) D:12            Elf (3/3) Orc:2        Vaults (5/5) D:14
  Crypt (0/3) Vaults:2     Depths (3/5) D:15         Bailey (visited)
  IceCv (visited)         Volcano (visited)         Gauntlet (visited)

Altars:
Ashenzari
Cheibriados
Dithmenos
Elyvilon
Fedhas
Gozag
Hepliaklqana
Kikubaaqudgha
Makhleb
Nemelex Xobeh
Okawaru
Qazlal
Ru
Sif Muna
Trog
Uskayaw
Vehumet
Wu Jian
Xom
Yredelemnul
Zin
The Shining One
Beogh

Shops:
D:4 [   D:5 !   D:8 *   D:9 [   D:11 !   Orc:2 [![!   Elf:1 [   Elf:3 *
Snake:1 *=*}   Snake:4 *=   Vaults:1 [   Vaults:4 [

Portals:
Hell: Depths:1 Depths:2 Depths:3
Pandemonium: Depths:3

Annotations:
D:4 GOLD DRAGON SCALES 880
D:6 2 runed translucent doors


Innate Abilities, Weirdness & Mutations

You reflexively headbutt those who attack you in melee.
You have a pair of horns on your head.


Message History

The stone giant looks as sick as possible!
The stone giant hits you!!
* * * LOW HITPOINT WARNING * * *
An ettin comes into view.
It is wielding a +0 dire flail and a +0 great mace.
The deep elf demonologist is engulfed in poison gas.
The deep elf demonologist looks as sick as possible!
The vault warden is engulfed in poison gas.
The vault warden looks as sick as possible!
The vault warden hits you with a +0 long sword!
* * * LOW HITPOINT WARNING * * *
The brown very ugly thing is engulfed in poison gas.
The brown very ugly thing looks even sicker.
The brown very ugly thing closely misses you.
The vault guard is engulfed in poison gas.
The vault guard looks as sick as possible!
The vault guard completely misses you.
The titan is engulfed in poison gas.
The titan looks as sick as possible!
The titan waves its arms in wide circles.
The air twists around and strikes you!!
You die...

.# #....# #.. .#
#....##...
.##§☼§.#...#
#..§§§....#
#####..§§°...###
......[.[§§§....
...(^[§§*§p§....
.....§§CQp§§....
...).☼§C@LpC§§..
#####§§uCC2§§###
....§C§c1eH§§#
......#§§3.#○C#
......#....###9§
####..#....# C
#..#..(.# #.
#....#


You could see a Hell Sentinel (summoned), a titan (extremely poisoned), an
ancient lich (fast), a brown very ugly thing (very poisoned), a sphinx
(extremely poisoned), 4 stone giants, a vault warden (extremely poisoned), a
tengu reaver (extremely poisoned), a balrug (summoned), 2 vault guards, 3
ettins, a deep elf demonologist (extremely poisoned), a war gargoyle, a yaktaur
(extremely poisoned), a smoke demon (summoned) and a battlesphere.

Vanquished Creatures
  the Lernaean hydra (Swamp:4)
  Frederick (Vaults:4)
  Vashnia (Snake:2)
  Nikola (Depths:3)
  A golden dragon (Depths:3)
  The ghost of abarbat the Executioner, an adept MiBe of Trog (Vaults:1)
  The ghost of Muvus the Executioner, an adept DsFi of Uskayaw (Vaults:3)
  The ghost of Kutoatt the Peltast, an adept MiFi of the Shining One (Depths:3)
  Jorgrun (Elf:2)
  2 tentacled monstrosities (Depths:3)
  The ghost of Iruic the Warrior, an adept OgFi of Okawaru (Swamp:3)
  2 deep elf blademasters (Elf:3)
  A titan (Depths:3)
  Rupert (Lair:3)
  3 sphinxes
  3 deep elf master archers (Elf:3)
  Kirke (Snake:3)
  3 shadow dragons
  2 fenstrider witches (Swamp:3)
  2 storm dragons (Elf:1)
  A thorn hunter (Swamp:2)
  Donald (Swamp:4)
  5 tengu reavers
  7 nagarajas
  7 fire giants
  10 vault wardens
  3 frost giants
  A balrug (Depths:2)
  Aizul (Vaults:3)
  4 deep elf sorcerers (Elf:3)
  An iron dragon (Depths:3)
  2 orc warlords
  Louise (Snake:3)
  A curse skull (Vaults:1)
  7 deep elf elementalists
  A reaper (IceCv)
  The ghost of chunkyMonkey the Blocker, a journeyman FoFi of Cheibriados (D:14)
  6 ironheart preservers
  A war gargoyle (Vaults:4)
  An entropy weaver (Vaults:3)
  20 very ugly things
  20 stone giants
  7 deep elf demonologists
  A spark wasp (shapeshifter) (D:15)
  5 vampire knights
  A red draconian (Volcano)
  7 deep elf annihilators
  5 bunyips
  A dire elephant (Gauntlet)
  A minotaur (Gauntlet)
  11 spark wasps
  4 crystal guardians (Depths:2)
  An eidolon (Vaults:1)
  4 eleionomae
  A merfolk javelineer (Vaults:3)
  3 ettins
  5 deep elf death magi (Elf:3)
  Josephine (D:9)
  5 fire dragons
  9 yaktaur captains
  9 great orbs of eyes
  A quicksilver dragon skeleton (Depths:1)
  27 naga warriors
  9 deep elf high priests
  5 rakshasas
  31 vault guards
  A catoblepas (Lair:6)
  Erolcha (D:11)
  Harold (D:7)
  10 ice dragons
  20 hydras
  8 boulder beetles
  4 centaur warriors
  9 alligators
  39 two-headed ogres
  10 anacondas
  26 dancing weapons
  13 death yaks
  9 deep troll shamans
  2 spectral eleionomae (Swamp:3)
  A death knight (Vaults:4)
  5 deep troll earth magi
  12 ogre magi
  A vampire mage (Depths:2)
  A spriggan berserker (Depths:3)
  4 tengu warriors
  3 shock serpents
  Urug (Lair:1)
  6 orc high priests
  16 naga sharpshooters
  2 hell knights
  4 large abominations (Elf:3)
  Nergalle (D:12)
  23 deep elf knights
  2 sun demons (Depths:2)
  A fire crab (shapeshifter) (Depths:2)
  2 salamander mystics
  6 skeletal warriors (D:15)
  4 shadow wraiths
  3 unseen horrors
  15 deep trolls
  2 goliath frogs (Swamp:4)
  4 spriggan druids
  13 deep elf archers
  2 flayed ghosts
  7 bog bodies
  An obsidian statue (Gauntlet)
  5 wizards
  An orange crystal statue (Depths:2)
  3 phantasmal warriors
  10 naga ritualists
  4 glowing orange brains
  12 swamp dragons
  A spectral hydra (Swamp:3)
  5 necromancers
  6 wolf spiders
  12 ironbrand convokers
  A lindwurm (shapeshifter) (Vaults:1)
  12 orc knights
  6 harpies
  An orb spider (shapeshifter) (D:14)
  10 mana vipers
  A harpy (shapeshifter) (Depths:3)
  A spectral alligator (Swamp:3)
  3 oklob plants (Lair:6)
  42 ugly things
  A frost giant zombie (Depths:1)
  5 orc sorcerers
  50 deep elf magi
  A salamander (shapeshifter) (Vaults:3)
  3 will-o-the-wisps
  4 cyclopes
  3 fire giant zombies
  21 salamanders
  2 shadow dragon skeletons
  A rust devil (Depths:3)
  A faun (shapeshifter) (D:15)
  A manticore (D:12)
  2 frost giant skeletons
  Maurice (D:8)
  A stone giant skeleton (Depths:1)
  2 ice statues (IceCv)
  22 naga magi
  A fire giant skeleton (Vaults:4)
  14 vault sentinels
  38 black mambas
  10 elephants
  A black mamba (shapeshifter) (D:15)
  2 torpor snails
  6 guardian serpents
  12 cane toads
  3 gargoyles
  Psyche (D:8)
  A spectral spriggan (Swamp:3)
  A torpor snail (shapeshifter) (Depths:1)
  A cane toad (shapeshifter) (D:14)
  A molten gargoyle (Depths:2)
  Maggie (Lair:2)
  4 centaur skeletons
  3 efreet
  4 rime drakes
  4 freezing wraiths
  4 kobold demonologists
  A yaktaur (shapeshifter) (Vaults:3)
  A spriggan zombie (Depths:1)
  9 komodo dragons
  A komodo dragon (shapeshifter) (Vaults:4)
  50 yaktaurs
  A human skeleton (Vaults:4)
  15 ice devils
  3 tengu conjurers
  14 trolls
  A jumping spider (shapeshifter) (D:15)
  Prince Ribbit (Lair:2)
  8 tyrant leeches
  2 spectral swamp dragons (Swamp:3)
  2 polar bears
  A goliath frog simulacrum (Swamp:3)
  A wind drake (shapeshifter) (Elf:2)
  10 hornets
  32 slime creatures
  A dream sheep (shapeshifter) (Depths:3)
  15 dream sheep
  A harpy skeleton (D:14)
  A fire giant simulacrum (Vaults:2)
  6 blink frogs
  A centaur simulacrum (D:15)
  12 spriggans
  2 spriggan skeletons (Depths:1)
  3 air elementals
  9 wraiths
  A deep troll skeleton (Depths:1)
  2 redbacks (Vaults:3)
  2 tarantellas (Vaults:3)
  A yak (shapeshifter) (Vaults:3)
  2 shadows
  9 basilisks
  8 water elementals
  67 yaks
  5 wyverns
  A hog (shapeshifter) (Depths:1)
  9 fire bats
  A golden eye (shapeshifter) (Depths:1)
  3 hogs (Snake:3)
  14 vampire mosquitoes
  2 steam dragons
  A yaktaur simulacrum (Depths:1)
  A soldier ant (D:14)
  17 swamp worms
  5 wargs
  3 acid dragons
  A naga (shapeshifter) (Depths:1)
  49 nagas
  A hydra simulacrum (Swamp:3)
  2 floating eyes
  18 water moccasins
  65 orc warriors
  5 sky beasts
  6 swamp drakes (Swamp:4)
  6 black bears
  4 ice beasts
  6 phantoms
  35 ogres
  22 boggarts
  12 wolves
  13 centaurs
  2 spriggan simulacra (Swamp:3)
  6 big kobolds
  18 bullfrogs
  3 earth elementals
  A glowing shapeshifter simulacrum (Depths:1)
  A wyvern zombie (D:13)
  12 killer bees
  2 scorpions
  A human simulacrum (Vaults:2)
  12 wights
  3 electric eels
  5 howler monkeys
  3 centaur zombies
  6 lava snakes (Volcano)
  4 bullfrog zombies
  42 orc priests
  4 jellies
  2 gnoll shamans
  12 hounds
  4 iguanas
  26 orc wizards
  A bullfrog skeleton (D:9)
  Terence (D:2)
  7 worker ants
  A killer bee zombie (D:8)
  A hound zombie (D:5)
  Robin (D:3)
  16 gnolls
  14 adders
  3 shadow imps
  5 white imps
  10 ufetubi
  An ooze (D:4)
  An adder zombie (D:6)
  4 worms
  An adder skeleton (D:6)
  A dart slug (D:1)
  6 leopard geckos
  145 orcs
  5 giant cockroaches
  21 goblins
  8 hobgoblins
  15 jackals
  38 kobolds
  3 quokkas
  A ball python (D:4)
  7 bats
  11 frilled lizards
  A jackal zombie (D:5)
  A leopard gecko zombie (D:7)
  5 rats
  3 bushes (Lair:1)
  4 crawling corpses (Elf:3)
2064 creatures vanquished.

Vanquished Creatures (others)
  A deep elf master archer (Elf:3)
  A hydra (Swamp:4)
  A deep elf knight (Elf:1)
  A spriggan druid (Swamp:2)
  A deep elf archer (Elf:1)
  A mana viper (Snake:4)
  A will-o-the-wisp (Swamp:2)
  A yaktaur (Depths:3)
  A tengu conjurer (Depths:1)
  3 bloated husks
  A fire elemental (Elf:1)
  A white imp (IceCv)
  4 ufetubi (IceCv)
  2 orcs
  20 demonic plants (Gauntlet)
  18 foxfires
  16 fungi
  41 plants
115 creatures vanquished.

Grand Total: 2179 creatures vanquished

Notes
Turn   | Place    | Note
-------+----------+-------------------------------------------
     0 | D:1      | mhtbhm the Minotaur Gladiator began the quest for the Orb.
     0 | D:1      | Reached XP level 1. HP: 18/18 MP: 0/0
   183 | D:1      | Reached XP level 2. HP: 25/25 MP: 1/1
   477 | D:1      | Reached XP level 3. HP: 31/31 MP: 2/2
   707 | D:1      | Reached skill level 1 in Armour
  1045 | D:2      | Found a broken altar of Ashenzari.
  1207 | D:2      | Noticed Terence
  1213 | D:2      | Killed Terence
  1214 | D:2      | Reached XP level 4. HP: 38/38 MP: 3/3
  1241 | D:2      | Found a blossoming altar of Fedhas.
  1243 | D:2      | Found a radiant altar of Vehumet.
  1243 | D:2      | Found a shimmering altar of Xom.
  1244 | D:2      | Found a shimmering blue altar of Sif Muna.
  1249 | D:2      | Reached skill level 5 in Staves
  1305 | D:2      | Found a stormy altar of Qazlal.
  1523 | D:3      | Noticed a sky beast
  1531 | D:3      | Killed a sky beast
  1532 | D:3      | Reached XP level 5. HP: 30/46 MP: 4/4
  1663 | D:3      | Noticed Robin
  1684 | D:3      | Killed Robin
  1859 | D:3      | Reached XP level 6. HP: 34/52 MP: 5/5
  1865 | D:3      | Reached skill level 1 in Stealth
  2741 | D:4      | Reached XP level 7. HP: 46/59 MP: 6/6
  2875 | D:4      | Noticed a +0 dagger
  2875 | D:4      | Noticed a +0 dagger
  2878 | D:4      | Found a hide-covered altar of Uskayaw.
  3291 | D:4      | Found Neyreb Irys's Armour Emporium.
  3347 | D:5      | Entered Level 5 of the Dungeon
  3674 | D:5      | Found Xamao's Distillery.
  3889 | D:5      | Reached XP level 8. HP: 67/67 MP: 7/7
  4265 | D:5      | Reached skill level 1 in Shields
  4298 | D:5      | Reached skill level 5 in Fighting
  4302 | D:5      | Reached skill level 5 in Armour
  4481 | D:5      | Found a sparkling altar of Nemelex Xobeh.
  4586 | D:6      | Reached skill level 10 in Staves
  4709 | D:6      | Found a staircase to the Ecumenical Temple.
  4760 | Temple   | Entered the Ecumenical Temple
  4823 | Temple   | Became a worshipper of Warmaster Okawaru
  4959 | D:6      | Reached skill level 5 in Dodging
  5101 | D:6      | Found a large runed translucent door.
  5101 | D:6      | Found a large runed translucent door.
  5103 | D:6      | Noticed a cyan ugly thing
  5353 | D:6      | Found a sacrificial altar of Ru.
  5457 | D:6      | Reached * piety under Okawaru
  5458 | D:6      | Reached XP level 9. HP: 68/75 MP: 8/8
  5535 | D:6      | Found a large runed translucent door.
  5535 | D:6      | Found a large runed translucent door.
  5579 | D:6      | Got a masterwork plate armour
  5585 | D:6      | Identified the cursed +1 plate armour of the Poles {Str+6
                  | Int-3} (You found it on level 6 of the Dungeon)
  5770 | D:6      | Killed a cyan ugly thing
  5770 | D:6      | Reached ** piety under Okawaru
  5787 | D:6      | Got a vibrating zirconium amulet
  5796 | D:6      | Lost intelligence.
  5810 | D:6      | Identified the amulet "Unuosesch" {Faith rElec Str+2} (You
                  | found it on level 6 of the Dungeon)
  6145 | D:7      | Noticed Harold
  6156 | D:7      | Killed Harold
  6157 | D:7      | Reached XP level 10. HP: 47/86 MP: 9/9
  6545 | D:7      | Reached *** piety under Okawaru
  7244 | D:8      | Got a slimy ring mail
  7250 | D:8      | Identified the +1 ring mail "Kuddulat" {Harm rF+ Str+2
                  | Slay-6} (You found it on level 8 of the Dungeon)
  7286 | D:8      | Noticed Maurice
  7295 | D:8      | Killed Maurice
  7483 | D:8      | Found Omijie's General Store.
  7780 | D:8      | Found an ornate altar of the Wu Jian Council.
  7789 | D:8      | Reached **** piety under Okawaru
  7878 | D:8      | Noticed Psyche
  7892 | D:8      | Killed Psyche
  8000 | D:8      | Received a gift from Okawaru
  8059 | D:9      | Found an ancient bone altar of Kikubaaqudgha.
  8382 | D:9      | Noticed a gargoyle
  8424 | D:9      | Killed a gargoyle
  8838 | D:9      | Reached ***** piety under Okawaru
  9055 | D:9      | Found Jooh's Armour Shop.
  9097 | D:9      | Reached XP level 11. HP: 94/97 MP: 10/10
  9227 | D:9      | Found a glowing silver altar of Zin.
  9572 | D:10     | Entered Level 10 of the Dungeon
  9584 | D:10     | Received a gift from Okawaru
  9663 | D:10     | Noticed Josephine
  9689 | D:9      | Killed Josephine
  9689 | D:9      | Received a gift from Okawaru
  9690 | D:9      | Found the +7 lajatang of Order {silver, rMut}
  9896 | D:10     | Reached skill level 10 in Fighting
 10140 | D:10     | Found a staircase to the Lair.
 10163 | D:10     | Reached skill level 15 in Staves
 10669 | D:4      | Bought +0 gold dragon scales for 880 gold pieces
 10941 | Lair:1   | Entered Level 1 of the Lair of Beasts
 11107 | Lair:1   | Noticed a seven-headed hydra
 11113 | Lair:1   | Killed a ten-headed hydra
 11113 | Lair:1   | Received a gift from Okawaru
 11285 | Lair:1   | Reached ****** piety under Okawaru
 11470 | Lair:1   | Reached skill level 10 in Armour
 11718 | Lair:1   | Noticed Urug
 11726 | Lair:1   | Killed Urug
 11727 | Lair:1   | Reached XP level 12. HP: 105/110 MP: 11/11
 12666 | Lair:2   | Noticed Prince Ribbit
 12680 | Lair:2   | Killed Prince Ribbit
 12759 | Lair:2   | Noticed Maggie
 12764 | Lair:2   | Killed Maggie
 12989 | Lair:2   | Received a gift from Okawaru
 13157 | Lair:3   | Received a gift from Okawaru
 13160 | Lair:3   | Got a crude lajatang {god gift}
 13161 | Lair:3   | Identified the +0 lajatang of Equivalence {vorpal, MP+9
                  | Int+4} (Okawaru gifted it to you on level 3 of the Lair of
                  | Beasts)
 13449 | Lair:3   | Noticed a death yak
 13449 | Lair:3   | Noticed a death yak
 13449 | Lair:3   | Noticed a death yak
 13449 | Lair:3   | Noticed a death yak
 13450 | Lair:3   | Noticed a death yak
 13451 | Lair:3   | Noticed a death yak
 13455 | Lair:3   | Killed a death yak
 13463 | Lair:3   | Found a staircase to the Swamp.
 14272 | Lair:5   | Received a gift from Okawaru
 14745 | Lair:5   | Noticed a four-headed hydra
 14754 | Lair:5   | Killed an eight-headed hydra
 14755 | Lair:5   | Reached XP level 13. HP: 105/122 MP: 12/12
 14878 | Lair:6   | Entered Level 6 of the Lair of Beasts
 15941 | Lair:6   | Received a gift from Okawaru
 16633 | Lair:6   | Received a gift from Okawaru
 16747 | Lair:6   | Found a staircase to the Slime Pits.
 16756 | Lair:6   | Reached skill level 15 in Armour
 16762 | Lair:6   | Reached skill level 15 in Fighting
 17433 | Lair:4   | Reached skill level 1 in Invocations
 17458 | Lair:4   | Received a gift from Okawaru
 17703 | Lair:4   | Found an iron altar of Okawaru.
 17819 | Lair:4   | Reached XP level 14. HP: 133/135 MP: 14/14
 17854 | Lair:4   | Found a staircase to the Snake Pit.
 18177 | Snake:1  | Entered Level 1 of the Snake Pit
 18284 | Snake:1  | Received a gift from Okawaru
 18535 | Snake:1  | Found Iripemn's Assorted Antiques.
 18536 | Snake:1  | Found Fitogok's General Store.
 18536 | Snake:1  | Found Muesmu Juci's Jewellery Emporium.
 18651 | Snake:1  | Found Hohotap's Gadget Shoppe.
 18763 | Snake:1  | Reached skill level 1 in Evocations
 18956 | Snake:1  | Identified the +4 scale mail of Gluttony {rElec rPois}
 19939 | Snake:2  | Received a gift from Okawaru
 20127 | Snake:2  | Reached skill level 5 in Invocations
 20326 | Snake:2  | Received a gift from Okawaru
 20760 | Snake:2  | Received a gift from Okawaru
 21017 | Snake:2  | Noticed Vashnia
 21041 | Snake:2  | Killed Vashnia
 21042 | Snake:2  | Reached XP level 15. HP: 66/147 MP: 16/18
 21489 | Snake:3  | Found a bloodstained altar of Trog.
 21511 | Snake:3  | Received a gift from Okawaru
 22085 | Snake:3  | Noticed Louise
 22110 | Snake:3  | Received a gift from Okawaru
 22130 | Snake:3  | Noticed a nagaraja
 22135 | Snake:3  | Killed Louise
 22143 | Snake:3  | Killed a nagaraja
 22596 | Snake:3  | Found Ateth's Weapon Boutique.
 22642 | Snake:3  | Noticed Kirke
 22661 | Snake:4  | Entered Level 4 of the Snake Pit
 23090 | Snake:3  | Killed Kirke
 23090 | Snake:3  | Received a gift from Okawaru
 23099 | Snake:3  | Got a warped plate armour {god gift}
 23105 | Snake:3  | Identified the +1 plate armour of Cismatre {rPois rN+
                  | Str+4} (Okawaru gifted it to you on level 3 of the Snake
                  | Pit)
 24100 | Snake:4  | Found Ygegor's Jewellery Emporium.
 24107 | Snake:4  | Found Ifewnis's General Store.
 24270 | Snake:4  | Bought a scroll of holy word for 127 gold pieces
 24270 | Snake:4  | Bought a scroll of identify for 34 gold pieces
 24828 | Snake:4  | Noticed a nagaraja
 24851 | Snake:4  | Killed a nagaraja
 25393 | Snake:4  | Reached XP level 16. HP: 80/159 MP: 19/21
 25680 | Snake:4  | Received a gift from Okawaru
 26330 | Snake:3  | Received a gift from Okawaru
 30234 | Snake:4  | Received a gift from Okawaru
 30281 | Snake:4  | Got a serpentine rune of Zot
 31085 | Lair:3   | Found the +10 dark maul {vorpal}
 31312 | Lair:3   | Noticed Rupert
 31325 | Lair:3   | Killed Rupert
 31754 | D:11     | Noticed Erolcha
 31761 | D:11     | Killed Erolcha
 31779 | D:11     | Found a shadowy altar of Dithmenos.
 31807 | D:11     | Found a shimmering altar of Xom.
 31821 | D:11     | Found Jiber's Distillery.
 31831 | D:11     | Bought a potion of heal wounds for 70 gold pieces
 31831 | D:11     | Bought a potion of curing for 42 gold pieces
 31930 | D:11     | Found a frozen archway.
 31948 | IceCv    | Entered an ice cave
 32458 | IceCv    | Reached XP level 17. HP: 150/170 MP: 23/23
 33235 | D:12     | Noticed Nergalle
 33238 | D:12     | Found a gate leading to a gauntlet.
 33245 | D:12     | Killed Nergalle
 33250 | Gauntlet | Entered a Gauntlet
 33250 | Gauntlet | Found a transporter.
 33250 | Gauntlet | Found a transporter.
 33285 | Gauntlet | Found a transporter.
 33287 | Gauntlet | Found a transporter.
 33289 | Gauntlet | Found a large runed translucent door.
 33290 | Gauntlet | Found a large runed translucent door.
 33291 | Gauntlet | Found a large runed translucent door.
 33291 | Gauntlet | Found a large runed translucent door.
 33291 | Gauntlet | Found a runed translucent door.
 33292 | Gauntlet | Found a transporter.
 33293 | Gauntlet | Found a runed translucent door.
 33294 | Gauntlet | Found a large runed translucent door.
 33295 | Gauntlet | Found a large runed translucent door.
 33295 | Gauntlet | Found a large runed translucent door.
 33295 | Gauntlet | Found a large runed translucent door.
 33296 | Gauntlet | Found a large runed translucent door.
 33297 | Gauntlet | Found a large runed translucent door.
 33363 | Gauntlet | Identified a scroll of acquirement
 33364 | Gauntlet | Acquired the ring "Udutye" {rF+ rN+ Str+3 Dex+3}
 33424 | Gauntlet | Found a transporter.
 33470 | Gauntlet | Found a transporter.
 33822 | D:12     | Received a gift from Okawaru
 33825 | D:12     | Got a pair of brightly glowing gloves {god gift}
 33836 | D:12     | Identified the +1 pair of gloves of the Unseen Realm {rF+
                  | Str+3} (Okawaru gifted it to you on level 12 of the
                  | Dungeon)
 34127 | D:12     | Found a staircase to the Orcish Mines.
 34140 | Orc:1    | Entered Level 1 of the Orcish Mines
 34207 | Orc:1    | Found a flagged portal.
 34215 | Bailey   | Entered a bailey
 34358 | Bailey   | Got a glimmering cloak
 34581 | Orc:1    | Found a dark tunnel.
 34592 | Volcano  | Entered a volcano
 34802 | Volcano  | Identified the +2 cloak of the Heron {rN+ SInv} (You found
                  | it in a bailey)
 34873 | Volcano  | Found a burning altar of Makhleb.
 34914 | Volcano  | Found a bloodstained altar of Trog.
 35404 | Orc:2    | Entered Level 2 of the Orcish Mines
 35721 | Orc:2    | Found a roughly hewn altar of Beogh.
 35806 | Orc:2    | Found Soteuru's Distillery.
 35843 | Orc:2    | Found Nodun's Armour Shoppe.
 36516 | Orc:2    | Found a staircase to the Elven Halls.
 36614 | Orc:2    | Received a gift from Okawaru
 36975 | Orc:2    | Found a roughly hewn altar of Beogh.
 37190 | Orc:2    | Found Neujem's Armour Emporium.
 37283 | Orc:2    | Found Vuzeoce's Distillery.
 37329 | Orc:2    | Bought a potion of haste for 160 gold pieces
 37495 | Orc:2    | Acquired a manual of Staves
 37503 | Orc:2    | Acquired the ring of Gisat {+Blink rPois rC- rN+ Slay+4
                  | Stlth+}
 37507 | Orc:2    | Acquired 801 gold pieces
 37928 | D:13     | Received a gift from Okawaru
 38587 | D:14     | Found a large runed translucent door.
 38587 | D:14     | Found a large runed translucent door.
 38588 | D:14     | Found the +12 glaive of Prune {vorpal}
 38588 | D:14     | Noticed chunkyMonkey's ghost (journeyman FoFi)
 38635 | D:14     | Killed chunkyMonkey's ghost
 38704 | D:14     | You fall into a shaft and drop 1 floor!
 38704 | D:15     | Entered Level 15 of the Dungeon
 38733 | D:15     | Got a crystal eveningstar
 39210 | D:14     | Found a gate to the Vaults.
 39226 | D:14     | Received a gift from Okawaru
 39227 | D:14     | Reached XP level 18. HP: 178/184 MP: 24/24
 39265 | D:14     | Identified the +10 eveningstar "Toqa" {freeze, rC+ Dex+4}
                  | (You found it on level 15 of the Dungeon)
 39698 | D:15     | Found a hazy altar of Hepliaklqana.
 40090 | D:15     | Found a staircase to the Depths.
 40295 | D:15     | Acquired 344 gold pieces
 40441 | Depths:1 | Entered Level 1 of the Depths
 40706 | Depths:1 | Found a shadowy altar of Dithmenos.
 40706 | Depths:1 | Found a shimmering altar of Xom.
 40706 | Depths:1 | Found an iron altar of Okawaru.
 40706 | Depths:1 | Found a basalt altar of Yredelemnul.
 40714 | Depths:1 | Paralysed by a floating eye for 2 turns
 40722 | Depths:1 | Paralysed by a floating eye for 3 turns
 40777 | Depths:1 | Found a flickering gateway to a bazaar.
 40782 | Bazaar   | Entered a bazaar
 41318 | Bazaar   | Found Goethruq's Gadget Shop.
 41326 | Bazaar   | Bought a condenser vane for 440 gold pieces
 41338 | Bazaar   | Found Soris's Antique Armour Shop.
 41346 | Bazaar   | Bought the +2 hat of the Bear Spirit {Spirit, +Rage rN+
                  | MR++} for 1603 gold pieces
 41346 | Bazaar   | Found the +2 hat of the Bear Spirit {Spirit, +Rage rN+
                  | MR++}
 41475 | Depths:1 | Received a gift from Okawaru
 41550 | Depths:1 | Received a gift from Okawaru
 41594 | Depths:1 | Got a pair of steaming boots {god gift}
 41611 | Depths:1 | Identified the +0 pair of boots of the Mackerel {rElec rF+
                  | MR+ Str+3} (Okawaru gifted it to you on level 1 of the
                  | Depths)
 41804 | Depths:1 | Found a sparkling altar of Nemelex Xobeh.
 41922 | Depths:1 | Identified the cursed +1 long sword of Alaulaur {pain,
                  | *Slow +Fly rN++ Dex+2}
 41958 | Depths:1 | Reached XP level 19. HP: 198/198 MP: 23/25
 42421 | Depths:1 | Received a gift from Okawaru
 42513 | Depths:1 | Found a gateway to Hell.
 42645 | Depths:2 | Received a gift from Okawaru
 42699 | Depths:2 | Found a runed translucent door.
 42765 | Depths:2 | Received a gift from Okawaru
 43293 | Depths:2 | Received a gift from Okawaru
 43538 | Depths:2 | Got a masterwork plate armour
 43544 | Depths:2 | Identified the +9 plate armour of Opivvez {MR+ Str+5 Dex+6}
                  | (You found it on level 2 of the Depths)
 44304 | Depths:2 | Got a fine cloak
 44315 | Depths:2 | Identified the +1 cloak of the King of the Hill {Dex+3}
                  | (You found it on level 2 of the Depths)
 44361 | Depths:2 | Got a dazzling plate armour
 44367 | Depths:2 | Identified the cursed +0 plate armour of the Lost Path
                  | {rC+} (You found it on level 2 of the Depths)
 44871 | Depths:3 | Reached XP level 20. HP: 148/212 MP: 12/26
 44912 | Depths:3 | Received a gift from Okawaru
 45130 | Depths:3 | Found a one-way gate leading to the halls of Pandemonium.
 45159 | Depths:3 | Found a runed translucent door.
 45185 | Depths:3 | Noticed a golden dragon
 45190 | Depths:3 | Killed a golden dragon
 45412 | Depths:3 | Identified the +10 lajatang of Fogeppir {venom, Fragile
                  | rElec rPois Dex+2}
 45559 | Depths:3 | Noticed Nikola
 45566 | Depths:3 | Killed Nikola
 45601 | Depths:3 | Received a gift from Okawaru
 45604 | Depths:3 | Got a transparent quarterstaff {god gift}
 45605 | Depths:3 | Identified the +3 quarterstaff "Juraq" {drain, rElec}
                  | (Okawaru gifted it to you on level 3 of the Depths)
 46024 | Depths:3 | Noticed Kutoatt's ghost (adept MiFi)
 46041 | Depths:3 | Killed Kutoatt's ghost
 46791 | Swamp:1  | Entered Level 1 of the Swamp
 46950 | Swamp:1  | Got a pair of glimmering boots
 46961 | Swamp:1  | Identified the +0 pair of boots of Pofuubeymas {rElec Str-5
                  | Int+8 Dex-3} (You found it on level 1 of the Swamp)
 47925 | Swamp:2  | Received a gift from Okawaru
 48051 | Swamp:3  | Found a runed translucent gate.
 48051 | Swamp:3  | Found a runed translucent gate.
 48052 | Swamp:3  | Found a runed translucent gate.
 48061 | Swamp:3  | Reached skill level 27 in Fighting
 48090 | Swamp:3  | Noticed Iruic's ghost (adept OgFi)
 48771 | Swamp:3  | Killed Iruic's ghost
 48783 | Swamp:3  | Reached XP level 21. HP: 190/224 MP: 18/27
 49093 | Swamp:4  | Entered Level 4 of the Swamp
 49148 | Swamp:4  | Noticed Donald
 49159 | Swamp:4  | Killed Donald
 49297 | Swamp:4  | Noticed the 27-headed Lernaean hydra
 49542 | Swamp:4  | Killed the 27-headed Lernaean hydra
 49542 | Swamp:4  | Received a gift from Okawaru
 49724 | Swamp:4  | Reached skill level 1 in Maces & Flails
 50004 | Swamp:4  | Got a decaying rune of Zot
 50809 | Elf:1    | Entered Level 1 of the Elven Halls
 51043 | Elf:1    | Found Yhapseox's Antique Armour Shoppe.
 51128 | Elf:1    | Bought a pair of steaming boots for 294 gold pieces
 51138 | Elf:1    | Identified the cursed -3 pair of boots of Eplou {rC+} (You
                  | bought it in a shop on level 1 of the Elven Halls)
 51240 | Elf:1    | Identified the +5 rapier of Bewno {drain, +Rage}
 51260 | Elf:1    | Received a gift from Okawaru
 51287 | Elf:1    | Found a runed translucent gate.
 51287 | Elf:1    | Found a runed translucent gate.
 51287 | Elf:1    | Found a runed translucent gate.
 51287 | Elf:1    | Found a runed translucent gate.
 51287 | Elf:1    | Found a runed translucent gate.
 51290 | Elf:1    | Found a runed translucent gate.
 52118 | Elf:2    | Found a runed translucent gate.
 52507 | Elf:2    | Found a runed translucent gate.
 52507 | Elf:2    | Found a runed translucent gate.
 52652 | Elf:2    | Noticed Jorgrun
 52658 | Elf:2    | Received a gift from Okawaru
 52669 | Elf:2    | Killed Jorgrun
 52767 | Elf:2    | Received a gift from Okawaru
 53057 | Elf:3    | Entered Level 3 of the Elven Halls
 53071 | Elf:3    | Got a masterwork plate armour
 53082 | Elf:3    | Identified the +1 plate armour of the Special Scars {rF+
                  | SInv} (You found it on level 3 of the Elven Halls)
 53107 | Elf:3    | Reached XP level 22. HP: 233/233 MP: 28/28
 53236 | Elf:3    | Found Lacrae's General Store.
 53243 | Elf:3    | Bought a scroll of teleportation for 42 gold pieces
 53243 | Elf:3    | Bought a potion of might for 56 gold pieces
 53931 | Elf:3    | Received a gift from Okawaru
 53953 | Elf:3    | HP: 6/233 [deep elf high priest/damnation (35)]
 53967 | Elf:3    | HP: 6/233 [ghostly deep elf annihilator/crystal spear (19)]
 53968 | Elf:3    | HP: 2/233 [ghostly deep elf high priest/damnation (19)]
 54709 | Elf:3    | Identified the +1 buckler of the Midnight Sun {rN+++ rCorr
                  | Int-2 Dex+3}
 54712 | Elf:3    | Identified the ring "Mumejueth" {*Tele +Fly rPois}
 54722 | Elf:3    | Received a gift from Okawaru
 55174 | Elf:3    | Got a pair of polished gloves
 55180 | Elf:3    | Identified the +1 pair of gloves of Fedhas's Indignation
                  | {Regen+ Int+3} (You found it on level 3 of the Elven Halls)
 55496 | Vaults:1 | Entered Level 1 of the Vaults
 55715 | Vaults:1 | Found Taaba's Armour Boutique.
 55824 | Vaults:1 | Upgraded the game from 0.26-a0-964-g69f9a3b9e2 to
                  | 0.26-a0-966-gd078a86f14
 56271 | Vaults:1 | Found a runed translucent gate.
 56272 | Vaults:1 | Found a runed translucent gate.
 56274 | Vaults:1 | Found a runed translucent gate.
 56275 | Vaults:1 | Noticed abarbat's ghost (adept MiBe)
 56288 | Vaults:1 | Killed abarbat's ghost
 57144 | Vaults:2 | Found a staircase to the Crypt.
 57324 | Vaults:2 | Received a gift from Okawaru
 57771 | Vaults:2 | Reached skill level 10 in Dodging
 58363 | Vaults:3 | Reached XP level 23. HP: 240/240 MP: 29/29
 58669 | Vaults:3 | Noticed Aizul
 58676 | Vaults:3 | Killed Aizul
 58898 | Vaults:3 | Received a gift from Okawaru
 59288 | Vaults:3 | Found a runed translucent gate.
 59288 | Vaults:3 | Found a runed translucent gate.
 59288 | Vaults:3 | Found a runed translucent gate.
 59289 | Vaults:3 | Noticed Muvus's ghost (adept DsFi)
 59559 | Vaults:3 | Identified the +1 scale mail "Qeagits" {Rampage rC++ Dex-5
                  | SInv}
 59559 | Vaults:3 | Identified the +9 dire flail of the Vaults {vorpal, *Drain
                  | rElec Dex+7}
 59561 | Vaults:3 | Found an iron altar of Okawaru.
 59588 | Vaults:3 | Killed Muvus's ghost
 60605 | Vaults:4 | Found Tomuysh's Armour Shoppe.
 60613 | Vaults:4 | Bought a +2 pair of boots of running for 788 gold pieces
 60944 | Vaults:4 | Noticed Frederick
 60954 | Vaults:4 | Killed Frederick
 61305 | Vaults:4 | Received a gift from Okawaru
 61731 | Vaults:5 | Entered Level 5 of the Vaults
 61741 | Vaults:5 | Reached skill level 27 in Armour
 61755 | Vaults:5 | Reached XP level 24. HP: 158/249 MP: 14/29
 61954 | Vaults:5 | Noticed an ancient lich
 61967 | Vaults:5 | Killed from afar by a titan

Illustrated notes

Levels and vault maps discovered:
D:1:      wander_arrival_fairy_ring, layout_loops_ring,
          chequers_serial_rivers_room_a, minmay_ruptured
D:2:      layout_rooms, nicolae_ashenzari_panopticon, grunt_qazlal_clouds,
          chequers_temple_overflow_statue_of_worship, uniq_terence
D:3:      layout_basic, serial_rivers, chequers_serial_rivers_large_b,
          chequers_serial_rivers_room_a, chequers_serial_rivers_marsh,
          chequers_serial_rivers_small_3, chequers_serial_rivers_micro_e,
          chequers_serial_rivers_micro_d, corexii_shack, fountainhead,
          uniq_robin
D:4:      layout_basic, dancing_weapons_uskayaw, serial_shops,
          kennysheep_little_box
D:5:      layout_loops_corners, lemuel_coloured_pillars_altar, serial_shops,
          shop_coins, roderic_serpentine_path
D:6:      layout_loops_ring, nicolae_ru_great_annihilating_truth,
          minmay_temple_entry_mist, minmay_hollow_rounded_squares
D:7:      layout_basic, st_stairs_3, uniq_harold
D:8:      layout_basic, kennysheep_mini_moat, serial_shops, nicolae_shop_trees,
          uniq_psyche, uniq_maurice
D:9:      layout_gridville, lemuel_crystal_altar, overflow_temple_1_default,
          serial_shops, shop, chequers_big_river, minivault_5
D:10:     layout_cave_pools, erik_lair_island, uniq_josephine
D:11:     layout_small_grid, portal_ice_cave_demonic_guard, serial_shops, shop,
          basic_altar, grunt_dithmenos_smoke_and_mirrors, uniq_erolcha
D:12:     layout_roguey, david_orc_4, gauntlet_entry_generic, uniq_nergalle
D:13:     layout_cave_pools, nrook_guardian_serpent_double
D:14:     minmay_skewed_foursquare, layout_cave_pools,
          lightli_vaults_fourway_checkpoint, ebering_ghost_disaster_area,
          kennysheep_decorative_pillar, fake_guardian_serpent_vault
D:15:     gammafunk_enter_depths_forms, layout_gridville, serial_park_tiny_2,
          basic_altar
Temple:   cyrus_temple_forest
Lair:1:   layout_regular_city, minmay_hedge_maze,
          chequers_serial_rivers_large_a, uniq_urug
Lair:2:   layout_regular_city, serial_bayou_shore_b, lemuel_fruit_tree,
          uniq_prince_ribbit2, uniq_maggie
Lair:3:   layout_hall_layers, minmay_swamp_entry_swarm, uniq_rupert
Lair:4:   layout_misc_corridors, minmay_snake_entry_guardpost_medium,
          basic_altar, grunt_megastairs_4
Lair:5:   layout_loops_ring
Lair:6:   grunt_lair_end_beastmaster, layout_loops_ring,
          minmay_slime_entry_oklob_enclosed, kennysheep_basilisk_garden,
          grunt_megastairs_5, infiniplex_staircase_pool
Swamp:1:  layout_falls_marsh, nicolae_swamp_dense_foliage
Swamp:2:  layout_basic_swamp, hangedman_swamp_pad
Swamp:3:  layout_basic_swamp, gammafunk_ghost_necromancy,
          nicolae_swamp_feature_on_the_river_bank
Swamp:4:  swamp_basic_johnstein, layout_basic_swamp, swamp_pool2,
          nicolae_swamp_spriggan_camp, uniq_donald
Snake:1:  layout_rooms, minmay_shoptagon
Snake:2:  layout_basic, uniq_vashnia
Snake:3:  layout_basic, basic_altar, serial_shops, shop, uniq_kirke, uniq_louise
Snake:4:  snake_pit, layout_cave_town, minmay_shop_star
Orc:1:    layout_caves, nicolae_volcano_entry_batcave, enter_bailey_3,
          nicolae_orc_stony_grotto
Orc:2:    pubby_orc_utopia
Elf:1:    layout_geoelf_diagonals, serial_shops, nicolae_shop_statue_plus,
          orc_legates
Elf:2:    layout_loops_ring, uniq_jorgrun
Elf:3:    minmay_elf_hall_not_hex, layout_geoelf_castle, serial_shops, shop,
          small_statue_intersection, grunt_ministairs_10
Vaults:1: gammafunk_vaults_ghost_spectres, nicolae_vaults_hallways_thing,
          nicolae_vaults_puzzle_piece, nicolae_vaults_asterisk,
          vaults_room_large_hall, nicolae_vaults_murderbox,
          layout_vaults_omnigrid, serial_shops, shop
Vaults:2: v_misc_28, minmay_crypt_entry_nasty_monster,
          nicolae_vaults_puzzle_piece, v_alt_pattern_4, v_rooms_4,
          hangedman_vaults_stretched_pinwheel, v_misc_22,
          nicolae_vaults_network_quinsquares
          [nicolae_vaults_network_quincunx_subvault,
          nicolae_vaults_network_quincunx_subvault,
          nicolae_vaults_network_quincunx_subvault,
          nicolae_vaults_network_quincunx_subvault], vaults_room_pools,
          hangedman_vaults_cutoff, dpeg_vaults_monster_row,
          nicolae_vaults_shelves_hall, layout_vaults_big_cross
Vaults:3: gammafunk_vaults_ghost_fury_of_okawaru, v_rooms_4,
          nicolae_vaults_angled_halls, grunt_vaults_swirl, grunt_vaults_twisty,
          vaults_mumra_minichess_inversion, hangedman_vaults_corner_blocks,
          grunt_vaults_diagonal, nicolae_vaults_specimen_jars,
          ontoclasm_vaults_chip, vaults_dpeg_encased_lava,
          layout_vaults_omnibox, uniq_aizul
Vaults:4: ontoclasm_vaults_ring_large, nicolae_vaults_little_squares_3,
          vaults_mumra_hex, ontoclasm_vaults_ligature, grunt_vaults_funnel,
          v_misc_13, v_misc_27, ontoclasm_vaults_gateway, sword_in_stone,
          layout_vaults_chaotic_city, serial_shops, shop, uniq_margery
Vaults:5: serial_shops
Depths:1: minmay_the_grid_octo_tiled_squarecenter_mashed
          [minmay_the_grid_octo_horde, minmay_the_grid_octo_teeth,
          minmay_the_grid_octo_shrine, minmay_the_grid_octo_fat_diamond,
          minmay_the_grid_square_5x5_megaprize_hollow,
          minmay_the_grid_square_5x5_broken_cross,
          minmay_the_grid_square_5x5_eight_small,
          minmay_the_grid_square_5x5_bite,
          minmay_the_grid_square_5x5_tri_point], layout_gridlike, serial_shops,
          bzr_entry_road, pf_coc_iceberg, nemelex_xobeh_ov_fountains_minmay,
          st_stairs_8, kennysheep_generic_room_16
Depths:2: nooodl_glass_maze, layout_cave_pools, lightli_too_deep,
          solitary_fountain, minmay_crystal_box, serial_bayou_shore_b,
          serial_bayou_shore_a, infiniplex_staircase_squiggle
Depths:3: minmay_tearing_corner, layout_cave_pools, ebering_ghost_inner_flame,
          kennysheep_cross_bottleneck, grunt_hell_entry_dis_mu, pan_entry,
          uniq_nikola

Skill      XL: |  1  2  3  4  5  6  7  8  9 10 11 12 13 14 15 16 17 18 19 20 21 22 23 24 |
---------------+-------------------------------------------------------------------------+-----
Staves         | 4 5 6 7 8 10 12 14 15 16 17 21 23 | 23.7
Fighting       | 3 4 5 7 9 11 13 15 17 18 20 22 24 25 27 | 27.0
Armour         | 1 2 3 4 5 6 8 10 13 15 17 18 19 20 22 23 24 25 27 | 27.0
Dodging        | 4 5 6 8 10 12 13 | 13.2
Stealth        | 1 2 3 |  3.3
Shields        | 2 3 |  3.6
Invocations    | 1 5 8 9 |  9.7
Evocations     | 1 2 3 4 |  4.9
Maces & Flails | 2 |  2.7
Throwing       | |  2.7

Action                   |  1- 3 |  4- 6 |  7- 9 | 10-12 | 13-15 | 16-18 | 19-21 | 22-24 || total
-------------------------+-------+-------+-------+-------+-------+-------+-------+-------++-------
Melee: Quarterstaff      |    96 |   106 |   306 |   282 |       |       |       |       ||   790
       Headbutt          |    13 |    18 |    60 |   132 |   214 |   480 |   459 |   304 ||  1680
       Lajatang          |       |       |       |   301 |   839 |  1511 |  1377 |   873 ||  4901
       Eveningstar       |       |       |       |       |       |       |     9 |       ||     9
Throw: Throwing net      |       |       |       |       |     1 |     4 |       |       ||     5
       Javelin           |       |       |       |       |       |     5 |       |     1 ||     6
       Dart              |       |       |       |       |       |       |       |     6 ||     6
Invok: Heroism           |       |       |       |     1 |     2 |     6 |     2 |     1 ||    12
       Finesse           |       |       |       |       |       |     1 |     1 |     1 ||     3
 Abil: Evoke Blink       |       |       |       |       |       |     2 |       |       ||     2
       Evoke Berserk Rag |       |       |       |       |       |       |     3 |     2 ||     5
Evoke: Wand              |       |       |       |     3 |    10 |    13 |     1 |       ||    27
       Tin of tremorston |       |       |       |       |     3 |     9 |     2 |     8 ||    22
       Lightning rod     |       |       |       |       |       |     3 |       |     1 ||     4
       Condenser vane    |       |       |       |       |       |     1 |     2 |     5 ||     8
  Use: Scroll            |       |     7 |     6 |    20 |     5 |    45 |     7 |     7 ||    97
       Potion            |       |       |     1 |     7 |     2 |    14 |       |    12 ||    36
 Stab: Paralysed         |       |       |     1 |       |       |       |       |       ||     1
       Petrified         |       |       |       |       |     4 |       |       |       ||     4
       Invisible         |       |       |       |       |     3 |     1 |       |       ||     4
       Held in net/web   |       |       |       |       |     1 |       |       |       ||     1
       Confused          |       |       |       |       |       |       |     1 |       ||     1
Armor: Leather armour    |    14 |       |       |       |       |       |       |       ||    14
       Scale mail        |       |    31 |    46 |       |       |       |       |       ||    77
       Plate armour      |       |       |    22 |   172 |       |       |       |       ||   194
       Gold dragon scale |       |       |       |   185 |   655 |   941 |  1289 |   586 ||  3656
Dodge: Dodged            |    71 |    84 |   148 |   331 |   418 |   795 |   871 |   513 ||  3231
Block: Other             |       |       |    34 |       |       |       |       |       ||    34
       Reflection        |       |       |     4 |       |       |       |       |       ||     4

Table legend: (Time is in decaauts)
 A = Elapsed time spent in this place.
 B = Non-inter-level travel time spent in this place.
 C = Inter-level travel time spent in this place.
 D = Time resting spent in this place.
 E = Time spent auto-exploring this place.
 F = Levels seen in this place.
 G = Mean time per level.
                   A        B        C        D        E       F      G
               +--------+--------+--------+--------+--------+-----+--------+
         Total |  60412 |  58783 |   1629 |  12287 |  30512 |  48 | 1258.6 |
       Dungeon |  15324 |  14734 |    590 |    537 |   9944 |  15 | 1021.6 |
        Temple |    128 |    128 |      0 |      0 |     26 |   1 |  128.0 |
          Lair |   8964 |   8812 |    152 |   1428 |   5289 |   6 | 1494.0 |
         Swamp |   3437 |   3247 |    190 |    504 |   1888 |   4 |  859.2 |
     Snake Pit |  12016 |  11855 |    161 |   6363 |   3037 |   4 | 3004.0 |
  Orcish Mines |   2844 |   2701 |    143 |    302 |   1521 |   2 | 1422.0 |
   Elven Halls |   4383 |   4214 |    169 |    749 |   2458 |   3 | 1461.0 |
        Vaults |   6071 |   5862 |    209 |    588 |   3877 |   5 | 1214.2 |
        Depths |   4972 |   4957 |     15 |    916 |   2045 |   3 | 1657.3 |
        Bazaar |    652 |    652 |      0 |    516 |     36 |   1 |  652.0 |
        Bailey |    281 |    281 |      0 |      0 |     14 |   1 |  281.0 |
      Ice Cave |    684 |    684 |      0 |    279 |    160 |   1 |  684.0 |
       Volcano |    348 |    348 |      0 |      0 |    214 |   1 |  348.0 |
      Gauntlet |    304 |    304 |      0 |    104 |      0 |   1 |  304.0 |
               +--------+--------+--------+--------+--------+-----+--------+

Top non-repeatable levels by time:
 Snake:3: 6336 daAuts
 Snake:4: 2464 daAuts
  Lair:6: 2334 daAuts
Depths:2: 2230 daAuts
   Elf:3: 2169 daAuts
   Orc:2: 2145 daAuts
Vaults:4: 1911 daAuts
     D:9: 1784 daAuts
 Snake:2: 1741 daAuts
  Lair:3: 1667 daAuts
  Lair:1: 1583 daAuts
Depths:1: 1500 daAuts
Vaults:3: 1478 daAuts
 Snake:1: 1474 daAuts
  Lair:5: 1381 daAuts
